Map: Romanticide LE

Players

rottenorange - Winner!

  • Race: Zerg Zerg
  • Spawn Location: 11:00

itsDani

  • Race: Protoss Protoss
  • League: Platinum
  • Spawn Location: 5:00

VOD

Have the link to the VOD?

Description

Time

  • Played on: Oct. 1, 2020, 12:50 p.m.
  • Length: 4:04
Show
View Real Time Build Order
Export as new Build Order

rottenorange Zerg - Winner!

Build Orders: Hatch First 

Get SALT Encoding   

  12  0:00  Drone  
  13  0:13  Overlord  
  13  0:17  Drone  
  14  0:31  Drone x2  
  16  0:38  Drone  
  17  0:48  Drone  
  18  1:02  Drone, Hatchery  
  18  1:05  Extractor  
  18  1:09  Drone  
  18  1:22  Spawning Pool  
  18  1:23  Drone  
  18  1:31  Drone  
  19  1:40  Overlord  
  19  1:51  Drone  
  20  2:01  Drone  
  21  2:12  Queen  
  21  2:14  Queen  
  25  2:16  Metabolic Boost  
  25  2:18  Zergling x2  
  25  2:20  Zergling x2  
  27  2:23  Drone  
  27  2:29  Zergling x2  
  29  2:36  Drone x2  
  31  2:45  Overlord  
  31  2:54  Zergling x2  
  32  3:14  Drone x4  
  36  3:22  Drone x4  
  36  3:23  Drone  
  41  3:38  Zergling x6  
Show
View Real Time Build Order
Export as new Build Order

itsDani Protoss 

Build Orders: 1 Gate Expand 

Get SALT Encoding   

  12  0:00  Probe  
  13  0:15  Pylon  
  13  0:22  Probe (Chrono Boost)  
  14  0:32  Probe (Chrono Boost)  
  15  0:37  Probe (Chrono Boost)  
  16  0:43  Gateway  
  16  0:48  Assimilator  
  16  0:55  Assimilator  
  17  0:57  Probe  
  17  1:09  Probe (Chrono Boost)  
  19  1:18  Probe (Chrono Boost)  
  19  1:20  Pylon  
  19  1:23  Probe (Chrono Boost)  
  20  1:38  Nexus  
  20  1:51  Cybernetics Core  
  20  2:14  Probe  
  21  2:26  Probe  
  22  2:38  Assimilator, Probe  
  23  2:50  Probe  
  23  2:51  Twilight Council  
  24  2:55  Robotics Facility  
  24  3:01  Probe  
  24  3:03  Probe  
  26  3:13  Probe  
  26  3:17  Probe  
  28  3:23  Gateway  
  28  3:24  Gateway  
  28  3:25  Probe  
  29  3:31  Adept  
Tags
 
Add a new tag
Caveats
  • Supply blocks, unpowered buildings, or Contaminate may cause inaccurate times.
  • Supply counts are checked every 10 seconds.